 Seeded DCSS version 0.28-a0-1567-g1695149f81 (webtiles) character file.

Game seed: 156 (custom seed)

58 knot the Chopper (level 3, -6/29 HPs)
             Began as a Demonspawn Berserker on Jan 19, 2022.
             Was a Follower of Trog.
             Mangled by an iron imp (9 damage)
             ... summoned by Natasha
             ... on level 2 of the Dungeon.
             The game lasted 00:02:21 (1831 turns).

knot the Chopper (Demonspawn Berserker)             Turns: 1831, Time: 00:02:21

Health: -6/29      AC:  5    Str: 17    XL:     3   Next: 76%
Magic:  3/3        EV: 11    Int: 10    God:    Trog [*.....]
Gold:   50         SH:  0    Dex: 12    Spells: 2/2 levels left

rFire   . . .      SeeInvis .   h - +2 halberd (flame)
rCold   . . .      Faith    .   (shield currently unavailable)
rNeg    . . .      Spirit   .   f - +0 ring mail
rPois   .          Reflect  .   (no helmet)
rElec   .          Harm     .   (no cloak)
rCorr   .          Rampage  .   (no gloves)
Will    .....                   (no boots)
Stlth   +.........              (no amulet)
HPRegen 0.09/turn               (no ring)
MPRegen 0.08/turn               (no ring)

@: no status effects
A: sturdy frame 1
a: Renounce Religion, Berserk


You were on level 2 of the Dungeon.
You worshipped Trog.
Trog was aware of your devotion.
You visited 1 branch of the dungeon, and saw 2 of its levels.

You collected 50 gold pieces.

Inventory:

Hand Weapons
 a - a +0 hand axe
 h - a +2 halberd of flaming (weapon)
Missiles
 e - 50 stones (quivered)
Armour
 f - a +0 ring mail (worn)
Scrolls
 c - a scroll of identify {unknown}
 d - a scroll of fear {unknown}
 g - a scroll of enchant armour {unknown}
Potions
 b - a potion of attraction {unknown}


   Skills:
 - Level 3.0 Fighting
 * Level 4.2 Axes
 * Level 0.7 Throwing
 - Level 1.7 Armour
 - Level 1.7 Dodging


You had 2 spell levels left.
You didn't know any spells.
Your spell library was empty.

Dungeon Overview and Level Annotations

Branches:
Dungeon (2/15)

Altars:

Shops:
D:1 !   D:2 :

Annotations:
D:2 Natasha, Terence


Innate Abilities, Weirdness & Mutations

Your movements are slightly less encumbered by armour. (ER -2)


Message History

A kobold comes into view. It is wielding a +0 dagger.
Found a stone staircase leading down.
The kobold throws a stone.
The stone closely misses you.
You hit the kobold. You burn the kobold.
You kill the kobold!
Trog accepts your kill.
No target in view!
No target in view!
Things that are here:
a +0 dagger; a stone Natasha, Servant of Life and Death comes into view.
Natasha hisses angrily.
Natasha casts a spell.
You closely miss the goblin. The goblin barely misses you.
You puncture the goblin! You burn the goblin.
You kill the goblin!
Trog accepts your kill.
You hit the iron imp but do no damage.
Natasha stares at you and mumbles some strange words.
The magic dart hits you. The iron imp hits you.
You puncture the iron imp!
The iron imp is heavily wounded.
Natasha claws you but does no damage. The iron imp hits you.
Natasha mumbles some strange words.
Natasha's front paws start to glow.
Natasha claws you!
You are too injured to fight recklessly!
You are too injured to fight recklessly!
You fail to use your ability.
The iron imp closely misses you. Natasha closely misses you.
You completely miss Natasha.
The iron imp hits you but does no damage.
Natasha claws you.
* * * LOW HITPOINT WARNING * * *
You hit Natasha. You burn Natasha.
Natasha is heavily wounded.
Natasha claws you.
* * * LOW HITPOINT WARNING * * *
The iron imp hits you!
You die...

##...##.######.###...
#.....................#
.##.............#####.#
###.###.#####...# .#
##...##.######.### #
#................#
##...#.######.##)####.#
##.##.# #.##..>...#
####.# #.##@.###.# #.#
#.##5h# #.# #>##..# #.#
#.##..# #.. #.##..#
#.##..# #..# ....


You could see an iron imp (summoned) and Natasha.

Vanquished Creatures
  2 gnolls
  An adder skeleton (D:2)
  A dart slug (D:1)
  2 bats
  4 endoplasms
  A giant cockroach (D:1)
  5 goblins
  2 hobgoblins
  6 jackals
  2 ball pythons
  3 frilled lizards
  2 kobolds (D:2)
  A rat (D:1)
32 creatures vanquished.

Notes
Turn   | Place    | Note
-------+----------+-------------------------------------------
     0 | D:1      | knot the Demonspawn Berserker began the quest for the Orb.
     0 | D:1      | Reached XP level 1. HP: 18/18 MP: 1/1
   211 | D:1      | Reached skill level 3 in Axes
   220 | D:1      | Found Wyigosygh's Distillery.
   261 | D:1      | Gained mutation: Your movements are slightly less
                  | encumbered by armour. (ER -2) [demonic ancestry]
   261 | D:1      | Reached XP level 2. HP: 2/24 MP: 2/2
   898 | D:1      | Found a faded altar of an unknown god.
  1103 | D:1      | Reached XP level 3. HP: 29/29 MP: 3/3
  1406 | D:2      | Found Duuckuh's Book Emporium.
  1419 | D:2      | Reached skill level 4 in Axes
  1467 | D:2      | Noticed Terence
  1823 | D:2      | Noticed Natasha
  1831 | D:2      | Mangled by an iron imp

Illustrated notes

Levels and vault maps discovered:
D:1:      ncdulo_watergridlock, layout_loops_ring, serial_shops, shop_statue,
          dilly_ecumenical_altar_fadedgnrine
D:2:      layout_loops_ring, serial_shops, shop, hangedman_decor_points,
          uniq_terence, uniq_natasha

Skill      XL: |  1  2  3 |
---------------+----------+-----
Axes           | 3 4 |  4.2
Fighting       | |  3.0
Throwing       | |  0.7
Armour         | |  1.7
Dodging        | |  1.7

Action                   || total
-------------------------++-------
Melee: Hand axe          ||    83
       Punch             ||     1
       Halberd           ||     7
Throw: Stone             ||     3
Invok: Berserk           ||     3
Armor: Animal skin       ||     4
       Ring mail         ||    29
Dodge: Dodged            ||    60

Table legend: (Time is in decaauts)
 A = Elapsed time spent in this place.
 B = Non-inter-level travel time spent in this place.
 C = Inter-level travel time spent in this place.
 D = Time resting spent in this place.
 E = Time spent auto-exploring this place.
 F = Levels seen in this place.
 G = Mean time per level.
                   A        B        C        D        E       F      G
               +--------+--------+--------+--------+--------+-----+--------+
         Total |   1867 |   1842 |     25 |    641 |    899 |   2 |  933.5 |
       Dungeon |   1867 |   1842 |     25 |    641 |    899 |   2 |  933.5 |
               +--------+--------+--------+--------+--------+-----+--------+

Top non-repeatable levels by time:
     D:1: 1434 daAuts
     D:2: 432 daAuts
